PIO (24 & UNDER)
COLORADO COMMANDERS @ SASKATOON SMOKIN' GUNS
06/25/2027
 
TOP OF THE 1ST
Colorado Commanders batting - Pitching for Saskatoon Smokin' Guns : RHP Daniel Casey
Pitching: RHP Daniel Casey
Batting: SHB Pancho Vásquez 0-0: Called Strike
0-1: Swinging Strike
0-2: Ball
1-2: Ball
2-2: Ground out 4-3 (Groundball, 34)
Batting: RHB Frank Martínez 0-0: Foul Ball, location: 2F
0-1: Ball
1-1: Swinging Strike
1-2: Strikes out swinging
Batting: LHB Roberto Lozano 0-0: Ball
1-0: Ball
2-0: Ball
3-0: Base on Balls
Batting: LHB Juan Torres 0-0: Called Strike
0-1: Foul Ball, location: 2F
0-2: Foul Ball, location: 2F
0-2: Hit by Pitch
Roberto Lozano to second
Batting: LHB David Hernández 0-0: Called Strike
0-1: Foul Ball, location: 2F
0-2: Strikes out swinging
Top of the 1st over - 0 run(s), 0 hit(s), 0 error(s), 2 left on base; Colorado 0 - Saskatoon 0
BOTTOM OF THE 1ST
Saskatoon Smokin' Guns batting - Pitching for Colorado Commanders : RHP Héctor Rodríguez
Pitching: RHP Héctor Rodríguez
Batting: RHB Travis Colbert 0-0: Ball
1-0: Called Strike
1-1: Ball
2-1: Fly out, F2 (Popup, 3S)
Batting: RHB Rijk de Rade 0-0: Foul Ball, location: 2F
0-1: Foul Ball, location: 2F
0-2: Ball
1-2: Ball
2-2: SOLO HOME RUN (Flyball, 78XD), Distance : 458 ft
Batting: RHB César Rodríguez 0-0: Ball
1-0: Foul Ball, location: 2F
1-1: Foul Ball, location: 2F
1-2: Ball
2-2: Ball
3-2: Foul Ball, location: 2F
3-2: SINGLE (Line Drive, 6MD)
Batting: LHB Bo Rush 0-0: Ball
1-0: Foul Ball, location: 2F
1-1: Ball
2-1: Ball
3-1: Base on Balls
César Rodríguez to second
Batting: RHB Johnny MacNamara 0-0: Ball
1-0: Ball
2-0: Fly out, F5 (Popup, 5L)
Batting: SHB Michael Miller 0-0: Swinging Strike
0-1: Swinging Strike
0-2: Foul Ball, location: 2F
0-2: Ball
1-2: Fielders Choice at 2nd, 4-6 (Groundball, 4)
Bottom of the 1st over - 1 run(s), 2 hit(s), 0 error(s), 1 left on base; Colorado 0 - Saskatoon 1
TOP OF THE 2ND
Colorado Commanders batting - Pitching for Saskatoon Smokin' Guns : RHP Daniel Casey
Batting: LHB Luis Torres 0-0: Ball
1-0: Called Strike
1-1: Ball
2-1: Ball
3-1: Swinging Strike
3-2: Ground out 6-3 (Groundball, 6)
Batting: RHB Mike Martin 0-0: Ball
1-0: Foul Ball, location: 2F
1-1: Foul Ball, location: 2F
1-2: Ball
2-2: Foul Ball, location: 2F
2-2: Ground out 4-3 (Groundball, 4)
Batting: RHB Clarence Robertson 0-0: Foul Ball, location: 2F
0-1: Foul Ball, location: 2F
0-2: Foul Ball, location: 2F
0-2: Strikes out swinging
Top of the 2nd over - 0 run(s), 0 hit(s), 0 error(s), 0 left on base; Colorado 0 - Saskatoon 1
BOTTOM OF THE 2ND
Saskatoon Smokin' Guns batting - Pitching for Colorado Commanders : RHP Héctor Rodríguez
Batting: RHB Henry Jackson 0-0: Ball
1-0: Called Strike
1-1: Ball
2-1: Foul Ball, location: 2F
2-2: Strikes out swinging wild pitch, reaches first!
Batting: RHB Brendon Little 0-0: DOUBLE (Line Drive, 7LM)
Henry Jackson to third
Runner from 3rd tries for Home, SAFE, no throw
Batting: LHB Alejandro Rojas 0-0: Ball
1-0: Ball
2-0: Ball
3-0: Foul Ball, location: 2F
3-1: Foul Ball, location: 2F
3-2: Strikes out looking
Batting: RHB Travis Colbert 0-0: Called Strike
0-1: Called Strike
0-2: Ground out 1-3 (Groundball, 13S)
Brendon Little to third
Batting: RHB Rijk de Rade 0-0: Ball
1-0: Ground out 6-3 (Groundball, 6)
Bottom of the 2nd over - 1 run(s), 1 hit(s), 0 error(s), 1 left on base; Colorado 0 - Saskatoon 2
TOP OF THE 3RD
Colorado Commanders batting - Pitching for Saskatoon Smokin' Guns : RHP Daniel Casey
Batting: LHB Arturo Rodledo 0-0: Ball
1-0: Foul Ball, location: 2F
1-1: Foul Ball, location: 2F
1-2: Strikes out looking
Batting: SHB Pancho Vásquez 0-0: Swinging Strike
0-1: Ground out 5-3 (Groundball, 56)
Batting: RHB Frank Martínez 0-0: SINGLE (Groundball, 6MD)
Batting: LHB Roberto Lozano 0-0: Fly out, F8 (Line Drive, 8LXD)
Top of the 3rd over - 0 run(s), 1 hit(s), 0 error(s), 1 left on base; Colorado 0 - Saskatoon 2
BOTTOM OF THE 3RD
Saskatoon Smokin' Guns batting - Pitching for Colorado Commanders : RHP Héctor Rodríguez
Batting: RHB César Rodríguez 0-0: Ball
1-0: Foul Ball, location: 2F
1-1: Called Strike
1-2: Strikes out swinging
Batting: LHB Bo Rush 0-0: Ball
1-0: DOUBLE (Flyball, 9LM)
Batting: RHB Johnny MacNamara 0-0: Swinging Strike
0-1: SINGLE (Groundball, 6MD)
Bo Rush to third
Batting: SHB Michael Miller 0-0: Ball
1-0: Ball
2-0: Called Strike
2-1: Called Strike
2-2: Fly out, F9 (Line Drive, 89M)
Runner from 3rd tags up, SCORES, throw made
Batting: RHB Henry Jackson 0-0: Foul Ball, location: 2F
0-1: Called Strike
0-2: Reaches on Catchers interference
Johnny MacNamara to second
Batting: RHB Brendon Little 0-0: Called Strike
0-1: Fly out, F7 (Flyball, 7)
Bottom of the 3rd over - 1 run(s), 2 hit(s), 1 error(s), 2 left on base; Colorado 0 - Saskatoon 3
TOP OF THE 4TH
Colorado Commanders batting - Pitching for Saskatoon Smokin' Guns : RHP Daniel Casey
Batting: LHB Juan Torres 0-0: Called Strike
0-1: Ground out 6-3 (Groundball, 6)
Batting: LHB David Hernández 0-0: Called Strike
0-1: Called Strike
0-2: Ball
1-2: Foul Ball, location: 2F
1-2: SINGLE (Groundball, 56D)
Batting: LHB Luis Torres 0-0: Ball
1-0: Fly out, F8 (Line Drive, 8RM)
Batting: RHB Mike Martin 0-0: Ball
David Hernández steals 2nd base
1-0: Foul Ball, location: 2F
1-1: Ball
2-1: Ground out 5-3 (Groundball, 56S)
Top of the 4th over - 0 run(s), 1 hit(s), 0 error(s), 1 left on base; Colorado 0 - Saskatoon 3
BOTTOM OF THE 4TH
Saskatoon Smokin' Guns batting - Pitching for Colorado Commanders : RHP Héctor Rodríguez
Batting: LHB Alejandro Rojas 0-0: Ball
1-0: Foul Ball, location: 2F
1-1: Foul Ball, location: 2F
1-2: Strikes out looking
Batting: RHB Travis Colbert 0-0: Foul Ball, location: 2F
0-1: Called Strike
0-2: Ball
1-2: Strikes out looking
Batting: RHB Rijk de Rade 0-0: Called Strike
0-1: Ball
1-1: Foul Ball, location: 2F
1-2: Ball
2-2: SINGLE (Groundball, 34D)
Batting: RHB César Rodríguez 0-0: DOUBLE (Flyball, 8LXD)
Rijk de Rade to third
Runner from 3rd tries for Home, SAFE, no throw
Batting: LHB Bo Rush 0-0: Called Strike
0-1: Ball
1-1: Ground out 1-3 (Groundball, 13S)
Bottom of the 4th over - 1 run(s), 2 hit(s), 0 error(s), 1 left on base; Colorado 0 - Saskatoon 4
TOP OF THE 5TH
Colorado Commanders batting - Pitching for Saskatoon Smokin' Guns : RHP Daniel Casey
Batting: RHB Clarence Robertson 0-0: Foul Ball, location: 2F
0-1: Ball
1-1: Reached on error, E4 (Groundball, 4D)
Batting: LHB Arturo Rodledo 0-0: Called Strike
0-1: Ball
1-1: Ball
2-1: Swinging Strike
2-2: Ball
3-2: Strikes out swinging
Batting: SHB Pancho Vásquez 0-0: Fly out, F8 (Flyball, 8LM)
Batting: RHB Frank Martínez 0-0: SINGLE (Groundball, 56D)
Clarence Robertson to second
Batting: LHB Roberto Lozano 0-0: Ball
1-0: Fly out, F8 (Flyball, 78S)
Top of the 5th over - 0 run(s), 1 hit(s), 1 error(s), 2 left on base; Colorado 0 - Saskatoon 4
BOTTOM OF THE 5TH
Saskatoon Smokin' Guns batting - Pitching for Colorado Commanders : RHP Héctor Rodríguez
Batting: RHB Johnny MacNamara 0-0: Called Strike
0-1: Foul Ball, location: 2F
0-2: Ground out 5-3 (Groundball, 56S)
Batting: SHB Michael Miller 0-0: Ground out 4-3 (Groundball, 34)
Batting: RHB Henry Jackson 0-0: Foul Ball, location: 2F
0-1: Ball
1-1: Swinging Strike
1-2: Strikes out swinging
Bottom of the 5th over - 0 run(s), 0 hit(s), 0 error(s), 0 left on base; Colorado 0 - Saskatoon 4
TOP OF THE 6TH
Colorado Commanders batting - Pitching for Saskatoon Smokin' Guns : RHP Daniel Casey
Batting: LHB Juan Torres 0-0: Ball
1-0: Ball
2-0: Foul Ball, location: 2F
2-1: Called Strike
2-2: Ball
3-2: Strikes out looking
Batting: LHB David Hernández 0-0: Ball
1-0: Ball
2-0: Fly out, F7 (Flyball, 78S)
Batting: LHB Luis Torres 0-0: Ball
1-0: SOLO HOME RUN (Flyball, 9D), Distance : 427 ft
Batting: RHB Mike Martin 0-0: Swinging Strike
0-1: Ball
1-1: Foul Ball, location: 2F
1-2: Foul Ball, location: 2F
1-2: Strikes out swinging
Top of the 6th over - 1 run(s), 1 hit(s), 0 error(s), 0 left on base; Colorado 1 - Saskatoon 4
BOTTOM OF THE 6TH
Saskatoon Smokin' Guns batting - Pitching for Colorado Commanders : RHP Héctor Rodríguez
Pitching: LHP Manuel Reyes
Batting: RHB Brendon Little 0-0: Foul Ball, location: 2F
0-1: Foul Ball, location: 2F
0-2: Ground out 3-1 (Groundball, 34S)
Batting: LHB Alejandro Rojas 0-0: Ball
1-0: Foul Ball, location: 2F
1-1: Ground out 4-3 (Groundball, 4)
Batting: RHB Travis Colbert 0-0: Ball
1-0: Called Strike
1-1: Called Strike
1-2: Strikes out swinging
Bottom of the 6th over - 0 run(s), 0 hit(s), 0 error(s), 0 left on base; Colorado 1 - Saskatoon 4
TOP OF THE 7TH
Colorado Commanders batting - Pitching for Saskatoon Smokin' Guns : RHP Daniel Casey
Pitching: RHP Guy Farinelli
Batting: RHB Clarence Robertson 0-0: Foul Ball, location: 2F
0-1: Called Strike
0-2: Ball
1-2: Ball
2-2: Foul Ball, location: 2F
2-2: Strikes out swinging
Batting: LHB Arturo Rodledo 0-0: Called Strike
0-1: Foul Ball, location: 2F
0-2: Strikes out swinging passed ball, reaches first!
Batting: SHB Pancho Vásquez 0-0: Fielders Choice at 2nd, 6-4 (Groundball, 6)
Batting: RHB Frank Martínez 0-0: Ball
Pancho Vásquez steals 2nd base
1-0: Ball
2-0: Called Strike
2-1: Foul Ball, location: 2F
2-2: Foul Ball, location: 2F
2-2: Ground out 6-3 (Groundball, 6)
Top of the 7th over - 0 run(s), 0 hit(s), 0 error(s), 1 left on base; Colorado 1 - Saskatoon 4
BOTTOM OF THE 7TH
Saskatoon Smokin' Guns batting - Pitching for Colorado Commanders : LHP Manuel Reyes
Batting: RHB Rijk de Rade 0-0: Ground out 5-3 (Groundball, 56)
Batting: RHB César Rodríguez 0-0: Ball
1-0: Fly out, F9 (Line Drive, 89D)
Batting: LHB Bo Rush 0-0: Ball
1-0: Ground out 5-3 (Groundball, 56S)
Bottom of the 7th over - 0 run(s), 0 hit(s), 0 error(s), 0 left on base; Colorado 1 - Saskatoon 4
TOP OF THE 8TH
Colorado Commanders batting - Pitching for Saskatoon Smokin' Guns : RHP Guy Farinelli
Batting: LHB Roberto Lozano 0-0: SINGLE (Line Drive, 56)
Pitching: LHP Ernesto Pérez
Batting: LHB Juan Torres 0-0: Ball
1-0: Called Strike
1-1: Ball
2-1: Foul Ball, location: 2F
2-2: Foul Ball, location: 2F
2-2: Ball
3-2: Base on Balls
Roberto Lozano to second
Batting: LHB David Hernández 0-0: Ball
1-0: Ball
2-0: Ball
3-0: Called Strike
3-1: Foul Ball, location: 2F
3-2: Base on Balls
Roberto Lozano to third
Juan Torres to second
Batting: LHB Luis Torres 0-0: Swinging Strike
0-1: Called Strike
0-2: Fielders Choice at 2nd, 4-6 (Groundball, 4)
Roberto Lozano scores
Juan Torres to third
Pinch Hitting: RHB Ray Ervin 0-0: Called Strike
0-1: Ball
1-1: Foul Ball, location: 2F
1-2: Strikes out swinging
Batting: RHB Clarence Robertson 0-0: Ball
1-0: Ball
2-0: Ball
3-0: Called Strike
3-1: Swinging Strike
3-2: Strikes out swinging
Top of the 8th over - 1 run(s), 1 hit(s), 0 error(s), 2 left on base; Colorado 2 - Saskatoon 4
BOTTOM OF THE 8TH
Saskatoon Smokin' Guns batting - Pitching for Colorado Commanders : LHP Manuel Reyes
Now at 3B: Carlos Hernández
Batting: RHB Johnny MacNamara 0-0: Called Strike
0-1: Ball
1-1: Fly out, F8 (Line Drive, 8LM)
Batting: SHB Michael Miller 0-0: Foul Ball, location: 2F
0-1: Ball
1-1: Ball
2-1: Swinging Strike
2-2: Fly out, F2 (Popup, 2R)
Batting: RHB Henry Jackson 0-0: Called Strike
0-1: Ball
1-1: Ball
2-1: Foul Ball, location: 2F
2-2: Ground out 4-3 (Groundball, 4M)
Bottom of the 8th over - 0 run(s), 0 hit(s), 0 error(s), 0 left on base; Colorado 2 - Saskatoon 4
TOP OF THE 9TH
Colorado Commanders batting - Pitching for Saskatoon Smokin' Guns : LHP Ernesto Pérez
Pitching: RHP Melvin Hicks
Batting: LHB Arturo Rodledo 0-0: Ball
1-0: Called Strike
1-1: Ball
2-1: SINGLE (Groundball, 56D)
Pinch Hitting: LHB Michael Barrett 0-0: Ball
1-0: Fly out, F6 (Line Drive, 6MD)
Pinch Hitting: SHB Ángel Díaz 0-0: Called Strike
0-1: Ball
1-1: Foul Ball, location: 2F
1-2: Ball
2-2: Ball
3-2: Fielders Choice at 2nd, 4-6 (Groundball, 4D)
Batting: LHB Roberto Lozano 0-0: Foul Ball, location: 2F
0-1: Ball
1-1: Ball
2-1: Fly out, F5 (Popup, 5D)
Top of the 9th over - 0 run(s), 1 hit(s), 0 error(s), 1 left on base; Colorado 2 - Saskatoon 4
Thursday, March 30th, 2017 - OOTP Baseball 17.12 Build 75